 Dungeon Crawl Stone Soup version 0.26-a0-649-gf8c6c3aab7 (webtiles) character file.

Game seed: 12661602049439535761

781 Borbozo the Chopper (level 8, -1/60 (61) HPs)
             Began as a Formicid Fighter on Sept 26, 2020.
             Was an Initiate of Gozag.
             Slain by Duvessa
             ... wielding a +0 short sword
              (17 damage)
             ... on level 5 of the Dungeon.
             The game lasted 00:26:04 (3996 turns).

Borbozo the Chopper (Formicid Fighter)              Turns: 3996, Time: 00:26:05

HP:   -1/60 (61)    AC: 10    Str: 20    XL:     8   Next: 11%
MP:   8/8           EV:  9    Int:  9    God:    Gozag
Gold: 237           SH: 10    Dex: 12    Spells: 7/7 levels left

rFire    . . .     SeeInvis +   a - +0 war axe
rCold    . . .     Faith    .   c - +0 kite shield
rNeg     . . .     Spirit   .   b - +2 scale mail
rPois    .         Reflect  .   (helmet unavailable)
rElec    .         Harm     .   (no cloak)
rCorr    .         Rampage  .   l - +0 pair of gloves
MR       .....                  (no boots)
Stlth    ..........             (no amulet)
HPRegen  0.20/turn              (no ring)
MPRegen  0.11/turn              (no ring)

@: gold aura
A: permanent stasis, dig shafts and tunnels, four strong arms, antennae 3
a: Dig, Shaft Self, Potion Petition, Call Merchant, Bribe Branch, Renounce
Religion


You were on level 5 of the Dungeon.
You worshipped Gozag.
Gozag was aware of your devotion.
You visited 1 branch of the dungeon, and saw 5 of its levels.

You collected 268 gold pieces.
You paid 31 gold pieces to Gozag.

Inventory:

Hand Weapons
 a - a +0 war axe (weapon)
 h - a +0 short sword
 r - a +2 great sword of venom
 u - a +0 vorpal war axe
Missiles
 f - 41 arrows
 j - 7 javelins (quivered)
 m - 6 poisoned darts
 v - 7 curare-tipped darts
Armour
 b - a +2 scale mail (worn)
 c - a +0 kite shield (worn)
 l - a +0 pair of gloves (worn)
 s - a +1 leather armour of poison resistance
Magical Staves
 z - an uncursed staff of poison {unknown}
Wands
 e - a wand of flame (14)
 x - a wand of acid (9)
 A - a wand of paralysis (7)
Scrolls
 g - a scroll of amnesia {unknown}
 i - 2 scrolls of remove curse
 n - a scroll of enchant weapon {unknown}
 p - 4 scrolls of magic mapping
 q - a scroll of fear {unknown}
 t - 2 scrolls of noise
 w - a scroll of blinking {unknown}
 y - 3 scrolls of immolation
Potions
 d - a potion of might
 k - a potion of curing
 o - 3 potions of brilliance


   Skills:
 + Level 4.8 Fighting
 + Level 5.6 Axes
 + Level 0.2 Throwing
 + Level 5.0 Armour
 + Level 1.9 Dodging
 + Level 0.3 Stealth
 + Level 5.5 Shields


You had 7 spell levels left.
You didn't know any spells.
Your spell library was empty.

Dungeon Overview and Level Annotations

Branches:
Dungeon (5/15)
 Temple: D:4-7

Altars:
Gozag
Nemelex Xobeh
Trog

Shops:
D:4 :

Annotations:
D:5 Duvessa


Innate Abilities, Weirdness & Mutations

You cannot be hasted, slowed, berserked, paralysed or teleported.
You can dig through walls and to a lower floor.
Your four strong arms can wield two-handed weapons with a shield.
You have a pair of large antennae on your head. (SInv)


Message History

Duvessa hits you with a +0 short sword! You block Duvessa's attack.
You hit Duvessa but do no damage.
Duvessa is moderately wounded.
You block Duvessa's attack.
You barely miss Duvessa.
Duvessa is moderately wounded.
You block Duvessa's attack. Duvessa completely misses you.
You hit Duvessa.
Duvessa is moderately wounded.
You block Duvessa's attack. Duvessa closely misses you.
You barely miss Duvessa.
Duvessa is moderately wounded.
Duvessa hits you with a +0 short sword!
* * * LOW HITPOINT WARNING * * *
You block Duvessa's attack.
You hit Duvessa.
Duvessa is heavily wounded.
Duvessa hits you with a +0 short sword!
You die...
Your body crumbles into a pile of gold.

..###############.####...#
.........................#
..####.........##......###
#.........##.....##
#.........#......# $
#....##..........#
#..###..###.(....# ...##
#.####.#..### ... #..
#.@.#..# .# ...##.e###...
....... ...... ......
##..........ยง...#
................#


You could see Duvessa (berserk).

Vanquished Creatures
  An ice beast (D:5)
  An ogre (D:4)
  A phantom (D:4)
  A necrophage (D:4)
  Dowan (D:5)
  A hound (D:4)
  2 orc wizards (D:3)
  An orc priest (D:3)
  3 worker ants
  The ghost of Colgate the Ruffian, a weakling PaMo (D:4)
  A howler monkey skeleton (D:4)
  6 adders
  A gnoll (D:1)
  3 dart slugs
  2 leopard geckos
  11 orcs
  10 bats
  5 giant cockroaches
  7 goblins
  14 hobgoblins
  6 jackals (D:3)
  11 kobolds
  3 quokkas
  4 frilled lizards
  11 rats
108 creatures vanquished.

Vanquished Creatures (others)
  A plant (D:4)
1 creature vanquished.

Grand Total: 109 creatures vanquished

Notes
Turn   | Place    | Note
-------+----------+-------------------------------------------
     0 | D:1      | Borbozo the Formicid Fighter began the quest for the Orb.
     0 | D:1      | Reached XP level 1. HP: 18/18 MP: 1/1
   199 | D:1      | Reached XP level 2. HP: 22/24 MP: 2/2
   378 | D:1      | Reached XP level 3. HP: 26/29 MP: 3/3
  1041 | D:2      | Reached XP level 4. HP: 35/37 MP: 4/4
  1350 | D:3      | Reached XP level 5. HP: 30/42 MP: 5/5
  2081 | D:3      | Reached XP level 6. HP: 40/48 MP: 6/6
  2584 | D:3      | Found an opulent altar of Gozag.
  2604 | D:3      | Found a sparkling altar of Nemelex Xobeh.
  2613 | D:3      | Became a worshipper of Gozag Ym Sagoz the Greedy
  2741 | D:3      | Found a bloodstained altar of Trog.
  2881 | D:4      | Noticed a phantom
  2924 | D:4      | Killed a phantom
  2976 | D:4      | Reached skill level 1 in Dodging
  3051 | D:4      | Found Hosun's Book Boutique.
  3134 | D:4      | Noticed an ogre
  3156 | D:4      | Reached XP level 7. HP: 50/54 MP: 7/7
  3171 | D:4      | Reached skill level 5 in Axes
  3443 | D:4      | Reached skill level 5 in Shields
  3600 | D:4      | Found a runed translucent door.
  3602 | D:4      | Noticed Colgate's ghost (weakling PaMo)
  3656 | D:4      | Killed Colgate's ghost
  3801 | D:5      | Entered Level 5 of the Dungeon
  3922 | D:5      | Reached skill level 5 in Armour
  3922 | D:5      | Reached XP level 8. HP: 54/60 MP: 8/8
  3951 | D:5      | Noticed Duvessa
  3951 | D:5      | Noticed Dowan
  3988 | D:5      | Killed Dowan
  3996 | D:5      | Slain by Duvessa

Illustrated notes

Levels and vault maps discovered:
D:1:      moated_graveyard_arrival, layout_basic, minmay_statues_item
D:2:      layout_basic
D:3:      layout_basic, grunt_temple_overflow_opulence,
          hangedman_decor_clover_reticule, trog_hazing_becter
D:4:      cheibrodos_old_hovel, layout_rooms, serial_shops, shop,
          ebering_ghost_inner_flame
D:5:      layout_rooms, vehumet_altar_wand_db, serial_shops, nicolae_shop_stone,
          uniq_duvessa

Skill      XL: |  1  2  3  4  5  6  7 |
---------------+----------------------+-----
Shields        | 4 5 |  5.5
Armour         | 4 5 |  5.0
Axes           | 3 4 5 |  5.6
Fighting       | 4 |  4.8
Dodging        | 1 |  1.9
Throwing       | |  0.2
Stealth        | |  0.3

Action                   |  1- 3 |  4- 6 |  7- 9 || total
-------------------------+-------+-------+-------++-------
Melee: War axe           |    90 |   208 |    86 ||   384
Throw: Javelin           |       |     4 |     2 ||     6
  Use: Scroll            |       |     6 |     2 ||     8
Armor: Scale mail        |    35 |   118 |    24 ||   177
Dodge: Dodged            |    28 |    83 |    27 ||   138
Block: Kite shield       |    44 |   134 |    43 ||   221

Table legend: (Time is in decaauts)
 A = Elapsed time spent in this place.
 B = Non-inter-level travel time spent in this place.
 C = Inter-level travel time spent in this place.
 D = Time resting spent in this place.
 E = Time spent auto-exploring this place.
 F = Levels seen in this place.
 G = Mean time per level.
                   A        B        C        D        E       F      G
               +--------+--------+--------+--------+--------+-----+--------+
         Total |   4143 |   4143 |      0 |    759 |      0 |   5 |  828.6 |
       Dungeon |   4143 |   4143 |      0 |    759 |      0 |   5 |  828.6 |
               +--------+--------+--------+--------+--------+-----+--------+

Top non-repeatable levels by time:
     D:3: 1323 daAuts
     D:4: 970 daAuts
     D:2: 965 daAuts
     D:1: 675 daAuts
     D:5: 206 daAuts
